 Dungeon Crawl Stone Soup version 0.23.1 (webtiles) character file.

Game seed: 0

20809 Fang the Fighter (level 12, -1/121 HPs)
             Began as a Gargoyle Berserker on Mar 15, 2019.
             Was a High Priest of Trog.
             Slain by a komodo dragon (15 damage)
             ... on level 3 of the Lair of Beasts.
             The game lasted 00:12:54 (11704 turns).

Fang the Fighter (Gargoyle Berserker)              Turns: 11704, Time: 00:12:55

Health: -1/121     AC: 18    Str: 30    XL:     12   Next: 83%
Magic:  12/12      EV: 17    Int:  9    God:    Trog [*****.]
Gold:   1058       SH:  0    Dex: 14    Spells: 11/11 levels left

rFire    . . .     SeeInvis .   z - +3 war axe (venom)
rCold    . . .     Gourm    .   (no shield)
rNeg     + . .     Faith    .   H - +0 ring mail "Ibymul" {-Cast +Blink rCorr Stlth+}
rPois    ∞         Spirit   .   j - +2 hat
rElec    +         Reflect  .   (no cloak)
rCorr    +         Harm     .   (no gloves)
MR       .....     NoCast   +   (no boots)
Stlth    ..........             (no amulet)
HPRegen  0.30/turn              C - ring of resist corrosion
MPRegen  0.13/turn              v - +5 ring of dexterity

@: berserking, very quick
A: negative energy resistance 1, electricity resistance, unbreathing,
petrification resistance, rot immunity, AC +8
a: Berserk, Trog's Hand, Brothers in Arms, Renounce Religion, Evoke Blink


You were on level 3 of the Lair of Beasts.
You worshipped Trog.
Trog was extremely pleased with you.
You were hungry.

You visited 3 branches of the dungeon, and saw 15 of its levels.

You collected 1058 gold pieces.

Inventory:

Hand Weapons
 q - a +0 war axe
 s - a +2 hand axe of draining
 z - a +3 war axe of venom (weapon)
 F - a +0 battleaxe
Armour
 j - a +2 hat (worn)
 o - a +4 plate armour
 H - the +0 ring mail "Ibymul" (worn) {-Cast +Blink rCorr Stlth+}
   (You found it on level 11 of the Dungeon)

   It lets you blink.
   It prevents spellcasting.
   It provides partial protection from all sources of acid and corrosion.
   It makes you more stealthy.
Jewellery
 n - an uncursed ring of protection from magic {unknown}
 t - an uncursed ring of magical power
 v - a +5 ring of dexterity (right hand)
 A - an uncursed ring of fire
 C - a ring of resist corrosion (left hand)
 G - an uncursed amulet of the gourmand {unknown}
Wands
 e - a wand of disintegration (13)
 y - a wand of digging (15)
 I - a wand of enslavement (12)
Scrolls
 i - 3 scrolls of magic mapping
 k - a scroll of fear
 m - 5 scrolls of remove curse
 p - 4 scrolls of teleportation
 x - a scroll of fog
 D - a scroll of identify
Potions
 a - 3 potions of haste
 b - 2 potions of curing
 d - a potion of ambrosia
 f - 2 potions of heal wounds
 g - a potion of berserk rage
 h - 2 potions of flight
 r - 5 potions of brilliance
 u - 5 potions of might
 w - a potion of magic
 B - a potion of agility
 E - 2 potions of resistance
Comestibles
 c - 31 rations


   Skills:
 + Level 11.8 Fighting
 + Level 10.1 Axes
 + Level 11.6 Armour
 + Level 9.1 Dodging


You had 11 spell levels left.
You didn't know any spells.
Your spell library was empty.

Dungeon Overview and Level Annotations

Branches:
Dungeon (11/15)            Temple (1/1) D:6            Lair (3/6) D:11
    Orc (0/2) D:11
  Swamp: Lair:2-4    Shoals: Lair:2-4     Snake: Lair:2-4    Spider: Lair:2-4

Altars:
Ashenzari
Cheibriados
Elyvilon
Fedhas
Gozag
Hepliaklqana
Nemelex Xobeh
Okawaru
Ru
Sif Muna
Trog
Vehumet
Wu Jian
Xom
The Shining One

Annotations:
Lair:1 exclusion: 2 oklob plants


Innate Abilities, Weirdness & Mutations

You are resistant to torment.
Your stone body is resilient. (AC +8)
You are immune to poison.
You resist negative energy. (rN+)
You are resistant to electric shocks. (rElec)
You can survive without breathing.
You are immune to petrification.
You are immune to rotting.


Message History

* * * LOW HITPOINT WARNING * * *
A spriggan comes into view. It is wielding a +0 dagger.
The spriggan shouts!
You hit the komodo dragon but do no damage.
The komodo dragon is lightly wounded.
You closely miss the spiny frog. The spiny frog closely misses you.
You slash the komodo dragon!
The komodo dragon looks as sick as possible!
The komodo dragon is moderately wounded.
You hit the spiny frog. The spiny frog barely misses you.
The komodo dragon bites you!
* * * LOW HITPOINT WARNING * * *
You slice the komodo dragon!!
The komodo dragon looks as sick as possible!
The komodo dragon is severely wounded.
You slash the spiny frog!
You kill the spiny frog!
Trog accepts your kill. The komodo dragon bites you!
You die...

..#..........
.#.......... .........≈
#....≈.≈≈≈... P..(......
###≈.≈≈≈≈≈≈...#.........
##.≈≈≈≈≈≈≈≈≈.##.........
#≈≈≈≈≈≈≈≈≈≈≈..#.........
#≈≈≈≈≈≈.≈≈≈≈.##.........
#.≈≈≈≈...≈≈≈≈...........
##.≈≈≈≈.≈≈≈≈....@...i..#
#≈≈≈≈≈≈≈≈≈≈≈...l.....##
#.≈≈≈≈≈≈≈≈..##.......#
##..≈≈≈≈≈≈≈≈..###.###.#
#.#...≈≈≈....## ## #
#............###
...............#
...............#
...............#


You could see a komodo dragon and a spriggan.

Vanquished Creatures
  Erolcha (D:9)
  2 two-headed ogres (D:10)
  A centaur warrior (D:10)
  Pikel (D:5)
  2 ugly things (D:11)
  A cyclops (D:11)
  A black mamba (Lair:3)
  A torpor snail (Lair:3)
  2 gargoyles
  2 spiny frogs
  3 rime drakes
  A kobold demonologist (D:11)
  2 komodo dragons
  A tengu conjurer (D:10)
  3 trolls
  4 slime creatures (D:9)
  4 hippogriffs
  2 wyverns
  14 yaks
  4 basilisks
  A hungry ghost (D:7)
  A water moccasin (Lair:2)
  7 porcupines
  3 ice beasts
  3 sky beasts
  7 orc warriors
  An eye of draining (D:11)
  A slave (D:5)
  4 wolves (Lair:1)
  7 ogres
  4 crocodiles
  7 centaurs
  A big kobold (D:10)
  Blork the orc (D:4)
  11 bullfrogs
  3 scorpions
  10 wights
  4 killer bees (D:8)
  A howler monkey (D:8)
  3 crimson imps
  2 bullfrog zombies
  3 hounds
  A centaur zombie (D:8)
  6 orc priests
  2 bullfrog skeletons
  3 centaur skeletons
  Crazy Yiuf (D:7)
  An iron imp (D:5)
  12 orc wizards
  Jessica (D:3)
  3 iguanas
  5 worker ants
  3 hound skeletons
  3 gnolls (D:8)
  8 adders
  2 shadow imps
  An ooze (D:2)
  2 worms (D:2)
  A dart slug (D:4)
  2 leopard geckos
  62 orcs
  A ball python (D:3)
  2 giant cockroaches
  4 goblins
  5 hobgoblins
  2 jackals (D:3)
  6 quokkas
  8 bats
  6 frilled lizards
  13 kobolds
  2 leopard gecko skeletons (D:8)
  5 rats
  2 fungi (Lair:1)
  A plant (Lair:3)
313 creatures vanquished.

Vanquished Creatures (collateral kills)
  A hydra (Lair:1)
  A slime creature (D:9)
  2 yaks (Lair:1)
4 creatures vanquished.

Vanquished Creatures (others)
  An ooze (D:5)
  A worm (D:5)
  An orc (D:5)
3 creatures vanquished.

Grand Total: 320 creatures vanquished

Notes
Turn   | Place    | Note
-------+----------+-------------------------------------------
     0 | D:1      | Fang the Gargoyle Berserker began the quest for the Orb.
     0 | D:1      | Reached XP level 1. HP: 14/14 MP: 1/1
   386 | D:1      | Reached XP level 2. HP: 19/19 MP: 2/2
   970 | D:2      | Reached XP level 3. HP: 23/23 MP: 3/3
  1129 | D:2      | Reached ** piety under Trog
  1566 | D:3      | Reached XP level 4. HP: 28/29 MP: 4/4
  1596 | D:3      | Noticed Jessica
  1598 | D:3      | Found an iron altar of Okawaru.
  1606 | D:3      | Killed Jessica
  1615 | D:3      | Reached XP level 5. HP: 28/33 MP: 5/5
  1797 | D:3      | Found a sparkling altar of Nemelex Xobeh.
  1987 | D:4      | Noticed a sky beast
  1999 | D:4      | Killed a sky beast
  1999 | D:4      | Reached XP level 6. HP: 39/39 MP: 6/6
  2025 | D:4      | Reached *** piety under Trog
  2233 | D:4      | Noticed Blork the orc
  2244 | D:4      | Killed Blork the orc
  2244 | D:4      | Reached skill level 5 in Fighting
  2459 | D:4      | Reached XP level 7. HP: 44/44 MP: 7/7
  2682 | D:5      | Entered Level 5 of the Dungeon
  2789 | D:5      | Noticed Pikel
  2816 | D:5      | Killed Pikel
  2816 | D:5      | Reached skill level 5 in Axes
  2816 | D:5      | Reached skill level 5 in Armour
  2816 | D:5      | Reached XP level 8. HP: 28/51 MP: 8/8
  3163 | D:5      | Found a shattered altar of Ashenzari.
  3163 | D:5      | Found a radiant altar of Vehumet.
  3426 | D:5      | Found a snail-covered altar of Cheibriados.
  3520 | D:6      | Found a staircase to the Ecumenical Temple.
  3536 | Temple   | Entered the Ecumenical Temple
  3857 | D:6      | Reached **** piety under Trog
  3868 | D:6      | Reached XP level 9. HP: 56/56 MP: 9/9
  3903 | D:6      | Reached skill level 5 in Dodging
  4803 | D:7      | Noticed a gargoyle
  4817 | D:7      | Killed a gargoyle
  5292 | D:7      | Found a runed translucent door.
  5293 | D:7      | Noticed Crazy Yiuf
  5412 | D:7      | Killed Crazy Yiuf
  5628 | D:8      | Reached XP level 10. HP: 28/64 MP: 10/10
  5958 | D:8      | You fall through a shaft for 2 floors!
  5958 | D:10     | Entered Level 10 of the Dungeon
  5958 | D:10     | Noticed a two-headed ogre
  5972 | D:10     | Killed a two-headed ogre
  6614 | D:10     | Reached ***** piety under Trog
  6619 | D:10     | Reached XP level 11. HP: 60/71 MP: 11/11
  6752 | D:10     | Noticed a two-headed ogre
  6757 | D:10     | Killed a two-headed ogre
  6836 | D:10     | Noticed a centaur warrior
  6843 | D:10     | Killed a centaur warrior
  7018 | D:9      | Reached skill level 10 in Fighting
  7084 | D:9      | Received a gift from Trog
  7182 | D:9      | Noticed Erolcha
  7196 | D:9      | Killed Erolcha
  7196 | D:9      | Reached skill level 10 in Armour
  7462 | D:9      | Found a hazy altar of Hepliaklqana.
  7686 | D:9      | Found an ornate altar of the Wu Jian Council.
  8642 | D:11     | Noticed a green ugly thing
  8654 | D:11     | Killed a green ugly thing
  8932 | D:11     | Noticed a cyan ugly thing
  8953 | D:11     | Killed a cyan ugly thing
  8953 | D:11     | Reached XP level 12. HP: 58/79 MP: 12/12
  8973 | D:11     | Got a heavily runed ring mail
  8984 | D:11     | Identified the +0 ring mail "Ibymul" {-Cast +Blink rCorr
                  | Stlth+} (You found it on level 11 of the Dungeon)
  9069 | D:11     | Found a glowing golden altar of the Shining One.
  9148 | D:11     | Found a staircase to the Lair.
  9224 | D:11     | Found a staircase to the Orcish Mines.
  9496 | Lair:1   | Entered Level 1 of the Lair of Beasts
  9867 | Lair:1   | Noticed a five-headed hydra
  9877 | Lair:1   | Killed a six-headed hydra
 10107 | Lair:1   | Found a bloodstained altar of Trog.
 11260 | Lair:3   | Reached skill level 10 in Axes
 11704 | Lair:3   | Slain by a komodo dragon

Skill      XL: |  1  2  3  4  5  6  7  8  9 10 11 12 |
---------------+-------------------------------------+-----
Axes           | 3 4 5 6 8 9 10 | 10.1
Dodging        | 2 3 4 5 7 8 9 |  9.1
Armour         | 3 4 5 6 7 9 10 11 | 11.6
Fighting       | 4 5 6 8 9 10 11 | 11.8

Action                   |  1- 3 |  4- 6 |  7- 9 | 10-12 || total
-------------------------+-------+-------+-------+-------++-------
Melee: Hand axe          |   139 |   124 |   163 |       ||   426
       War axe           |       |       |    96 |   564 ||   660
Invok: Berserk           |       |       |     3 |     9 ||    12
       Brothers in Arms  |       |       |       |     2 ||     2
  Use: Scroll            |       |     7 |    16 |    10 ||    33
 Stab: Distracted        |       |       |       |     1 ||     1
       Sleeping          |       |       |       |     5 ||     5
  Eat: Chunk             |     2 |     3 |    12 |    28 ||    45
       Ration            |       |       |     1 |       ||     1
Armor: Animal skin       |    25 |       |       |       ||    25
       Scale mail        |    13 |    29 |       |       ||    42
       Chain mail        |       |    40 |   150 |    57 ||   247
       Plate armour      |       |       |       |   196 ||   196
       Ring mail         |       |       |       |    99 ||    99
       Skin              |       |       |       |     5 ||     5
Dodge: Dodged            |    72 |    89 |   134 |   393 ||   688
